 Dungeon Crawl Stone Soup version 0.27-a0-604-g29a88b33a7 (webtiles) character file.

Game seed: 13700583267235079457

29 dickylongcocking the Cudgeller (level 3, -2/34 HPs)
             Began as a Naga Abyssal Knight on Mar 13, 2021.
             Was a Follower of Lugonu.
             Slain by a hobgoblin (3 damage)
             ... on level 1 of the Dungeon.
             The game lasted 00:01:00 (1268 turns).

dickylongcocking the Cudgeller (NaAK)               Turns: 1268, Time: 00:01:01

Health: -2/34      AC:  2    Str: 11 (14) XL:     3   Next: 16%
Magic:  4/4        EV:  9    Int: 11 (12) God:    Lugonu [*.....]
Gold:   102        SH:  0    Dex: 10 (11) Spells: 2/2 levels left

rFire    . . .     SeeInvis +   a - +1 mace
rCold    . . .     Faith    .   (no shield)
rNeg     . . .     Spirit   .   b - +0 leather armour
rPois    +         Reflect  .   (no helmet)
rElec    .         Harm     .   (no cloak)
rCorr    .         Rampage  .   (no gloves)
Will     .....                  (no barding)
Stlth    +.........             (no amulet)
HPRegen  0.11/turn              (no ring)
MPRegen  0.09/turn              (no ring)

@: very slow
A: large, see invisible, deformed body, poison resistance, slowness 2, spit
poison 1, naga tail 1, AC +1
a: Spit Poison, Renounce Religion, Depart the Abyss


You were on level 1 of the Dungeon.
You worshipped Lugonu.
Lugonu was aware of your devotion.
You visited 1 branch of the dungeon, and saw 1 of its levels.
You visited the Abyss 1 time.

You collected 102 gold pieces.

Inventory:

Hand Weapons
 a - a +1 mace (weapon)
Armour
 b - a +0 leather armour (worn)
Scrolls
 c - a scroll of magic mapping {unknown}
 e - a scroll of amnesia {unknown}
 g - a scroll of identify {unknown}
Potions
 d - 3 potions of brilliance {unknown}
 f - a potion of lignification {unknown}


   Skills:
 - Level 3.0 Fighting
 * Level 3.5 Maces & Flails
 - Level 1.5 Armour
 - Level 0.7 Dodging
 + Level 0.3 Stealth
 - Level 2.0 Invocations


You had 2 spell levels left.
You didn't know any spells.
Your spell library was empty.

Dungeon Overview and Level Annotations

Branches:
Dungeon (1/15)

Altars:


Innate Abilities, Weirdness & Mutations

Your serpentine skin is tough. (AC +1)
You have supernaturally acute eyesight. (SInv)
Armour fits poorly on your strangely shaped body.
Your system is resistant to poisons. (rPois)
You cover ground very slowly.
You can spit poison.
You have a snake-like lower body.


Message History

The bat completely misses you. The bat hits you but does no damage.
The goblin hits you with a +0 club. The hobgoblin hits you.
The goblin closely misses you.
Press: ? - help, Shift-Dir - straight line, f - goblin
Aim: a goblin, wielding a +0 club The splash of poison hits the goblin!
The goblin is poisoned.
You kill the goblin!
Lugonu accepts your kill. The bat completely misses you.
The hobgoblin barely misses you.
Unknown command.
Unknown command.
You sock the bat!
You kill the bat!
Lugonu accepts your kill. The hobgoblin hits you.
* * * LOW HITPOINT WARNING * * *
Unknown command.
You hit the hobgoblin but do no damage. The hobgoblin barely misses you. x2
You can't do that yet.
Unknown command.
Unknown command.
You hit the hobgoblin.
The hobgoblin is severely wounded.
The hobgoblin hits you.
* * * LOW HITPOINT WARNING * * *
You barely miss the hobgoblin.
The hobgoblin is severely wounded.
The hobgoblin hits you.
* * * LOW HITPOINT WARNING * * *
You can't do that yet.
Unknown command.
You hit the hobgoblin but do no damage.
The hobgoblin is severely wounded.
You have got your breath back.
The hobgoblin hits you.
* * * LOW HITPOINT WARNING * * *
You barely miss the hobgoblin.
The hobgoblin is severely wounded.
The hobgoblin hits you.
You die...

..(...##.......##.
...#..
......##...............
......
......##...............
......
.......................
......
..............##......
...#..
.....................
...#..
..................####..
.. #..
.................)......
..(
................@.......
.
........#.....##g.......
..###...#...####........
..# #...#...# #........
..# #...#...# #........
### #...##### #........
#...# ##+##.#+# ##### ..


You could see a hobgoblin.

Vanquished Creatures
  2 leopard geckos (D:1)
  A ball python (D:1)
  A giant cockroach (D:1)
  A goblin (D:1)
  A hobgoblin (D:1)
  3 jackals (D:1)
  8 bats (D:1)
  3 frilled lizards (D:1)
  7 rats (D:1)
27 creatures vanquished.

Notes
Turn   | Place    | Note
-------+----------+-------------------------------------------
     0 | Abyss:1  | dickylongcocking the Naga Abyssal Knight began the quest
                  | for the Orb.
     0 | Abyss:1  | Reached XP level 1. HP: 21/21 MP: 2/2
    36 | Abyss:1  | Found a corrupted altar of Lugonu.
    58 | Abyss:1  | Noticed a small abomination
    59 | D:1      | Escaped the Abyss
   312 | D:1      | Reached XP level 2. HP: 6/28 MP: 3/3
   334 | D:1      | Reached * piety under Lugonu
  1199 | D:1      | Reached XP level 3. HP: 32/34 MP: 4/4
  1267 | D:1      | HP: 1/34 [hobgoblin (4)]
  1268 | D:1      | Slain by a hobgoblin

Illustrated notes

Levels and vault maps discovered:
D:1:      roderic_crossed_star, layout_basic

Skill      XL: |  1  2 |
---------------+-------+-----
Maces & Flails | 3 |  3.5
Fighting       | |  3.0
Armour         | |  1.5
Dodging        | |  0.7
Stealth        | |  0.3
Invocations    | |  2.0

Action                   || total
-------------------------++-------
Melee: Mace              ||    66
Invok: Depart the Abyss  ||     1
 Abil: Spit Poison       ||     5
  Use: Scroll            ||     1
       Potion            ||     1
Armor: Leather armour    ||    42
Dodge: Dodged            ||    57

Table legend: (Time is in decaauts)
 A = Elapsed time spent in this place.
 B = Non-inter-level travel time spent in this place.
 C = Inter-level travel time spent in this place.
 D = Time resting spent in this place.
 E = Time spent auto-exploring this place.
 F = Levels seen in this place.
 G = Mean time per level.
                   A        B        C        D        E       F      G
               +--------+--------+--------+--------+--------+-----+--------+
         Total |   1418 |   1418 |      0 |    365 |    857 |   2 |  709.0 |
       Dungeon |   1336 |   1336 |      0 |    365 |    780 |   1 | 1336.0 |
         Abyss |     81 |     81 |      0 |      0 |     77 |   1 |   81.0 |
               +--------+--------+--------+--------+--------+-----+--------+

Top non-repeatable levels by time:
     D:1: 1336 daAuts
 Abyss:1: 81 daAuts
